MrWarthog, neutral male human Wizard ------ ----------- |....| |.??????+?| ------ ######## |...`| |.??....?.| |....-- #------######.....| |.?+.???.+| |......##################|....| #####|.{..| ####-..????...| |.....| ----....| # #---.-- # ----------- |.....| ####........| # ########## --*...| # |.......| # #### --|--- # |........## # ##### # --------- # ################################## #### -.--.- ------ # --....| .. |...<| # |.....|####%# |.[..|## |.....|@ |.....# |.....|@ ------ |.....|# |....--# ------## MrWarthog the Wizard Experience level: 4 Strength: 8 Dexterity: 14 Constitution: 16 Intelligence: 12 Wisdom: 14 Charisma: 10 Health: 0(34) Energy: 12(32) Def: 2 Gold: 149 Moves: 1672 Dungeon seed [set]: Game ID: MrWarthog_1654939273 Your Inventory: Coins $ - 149 gold pieces Weapons a - a blessed +1 quarterstaff (weapon in hands) h - 8 cursed -4 darts r - a cursed -3 knife t - an uncursed +0 short sword u - an uncursed +0 spear A - an uncursed +0 dagger B - an uncursed +1 glaive Armor e - a blessed burnt +0 cloak of magic resistance (being worn) n - an uncursed +0 small shield v - an uncursed +0 pair of low boots w - a cursed +0 small shield x - an uncursed +0 helmet y - an uncursed +2 helmet z - an uncursed +0 ring mail C - an uncursed +0 studded leather armor Y - an uncursed +0 pair of leather gloves Scrolls p - 2 uncursed scrolls of identify q - a blessed scroll of identify Spellbooks b - a blessed spellbook of force bolt c - an uncursed spellbook of protection Rings i - an uncursed ring of see invisible Wands d - an uncursed wand of nothing (0:5) l - an uncursed wand of slow monster (0:4) Gems N - 7 uncursed rocks Spells and supernatural/magical abilities: Name Level Category Fail Memory a - force bolt 1 attack 0% 92% p - protection 1 clerical 0% 92% W - pray for help -- divine ? -- Your skills at the end: Miscellaneous Skills wands [Basic] Weapon Skills quarterstaff [Basic] Spellcasting Skills attack spells [Basic] enchantment spells [Basic] Final Attributes: You were devoutly aligned. You were magic-protected. Your writing hand was ok. You were protected. You are dead. Vanquished creatures: 4 soldiers a gecko 2 hobgoblins a yellow mold a green mold 4 jackals a kobold 2 newts 6 lichens 2 kobold zombies 24 creatures vanquished. Voluntary challenges: You did not adorn yourself with jewelry or accessories. You did not cause conflict. You were not invisible. You did not have reflection. You were not displaced. You did not donate to any temples.. You used a wielded weapon 16 times, starting on turn 107. You did not use tools. You did not use plumbed fixtures. You read items or engraved 4 times, starting on turn 1039. You never genocided any monsters. You never polymorphed an object. You changed form 1 time, starting on turn 1510. You used no wishes. You did not use any artifacts. You never split a pudding. You never wrote Elbereth's name. You never violated your personal moral code. Dungeon overview: The Dungeons of Doom: levels 1 to 3 Level 1 a long staircase Level 2 a potion shop stairs to The Gnomish Mines Level 3 <- You were here a vault, a scroll shop, a fountain The Gnomish Mines: Level 3 stairs to The Dungeons of Doom History has recorded: On T:1 you entered the Dungeons of Doom to retrieve the Amulet of Yendor! On T:171 you reached level 2 of The Dungeons of Doom. On T:532 you reached level 1 of The Gnomish Mines. On T:559 you reached level 3 of The Dungeons of Doom. On T:1631 you advanced to experience level 2. On T:1638 you advanced to experience level 3. On T:1640 you advanced to experience level 4. On T:1653 you prayed to Thoth. Score breakdown: Gold: 149 ( 14 points) Experience: 4 levels ( 300 points) Exploration: 3 levels ( 60 points) Discoveries: 9 items ( 450 points) Variety of kills: 10 monsters ( 500 points) Major goal: (nothing yet) ( 0 points) Survival: died (score multiplied by 3) Total score: 3972 Latest messages: The sergeant hurls a violet potion! The flagon crashes on your head and breaks into shards. Something seems to be holding you. The sergeant wields a mace! The sergeant swings his mace at you. The sergeant hits you! You return to human form! You rebalance your load. Movement is difficult. The golden haze around you becomes less dense. The sergeant swings his mace at you. The sergeant hits you! The sergeant swings his mace at you. The sergeant hits you! You can move again. The spell hits the sergeant! The spell misses it. The sergeant swings his mace at you. The sergeant hits you! You die... Enniscorthy comes and takes the 106 zorkmids you owed her. Final status: Goodbye MrWarthog the Wizard, killed by a sergeant... You died in The Dungeons of Doom on dungeon level 3 with 3972 points, and 149 pieces of gold, after 1672 moves. You were level 4 with a maximum of 34 hit points when you died.